 Dungeon Crawl Stone Soup version 0.24.0-2-g5b39cebb1c (console) character file.

Game seed: 1424354564319652295, levelgen mode: deterministic

55 Kagalorn the Sneak (level 3, -1/26 HPs)
             Began as a Gnoll Wanderer on Oct 29, 2019.
             Slain by Natasha (7 damage)
             ... on level 3 of the Dungeon.
             The game lasted 00:05:38 (2254 turns).

Kagalorn the Sneak (Gnoll Wanderer)                 Turns: 2254, Time: 00:05:39

Health: -1/26      AC:  3    Str: 15    XL:     3   Next: 93%
Magic:  0/7        EV: 11    Int: 16    God:
Gold:   91         SH:  0    Dex: 12    Spells: 4/7 levels left

rFire    + . .     SeeInvis .   n - +0 quarterstaff
rCold    + . .     Gourm    .   (shield currently unavailable)
rNeg     . . .     Faith    .   c - +0 robe
rPois    .         Spirit   .   (no helmet)
rElec    .         Reflect  .   j - scarf {rC+ rF+}
rCorr    .         Harm     .   e - +0 pair of gloves
MR       .....                  (no boots)
Stlth    ++........             (no amulet)
HPRegen  0.08/turn              (no ring)
MPRegen  0.10/turn              (no ring)

@: slowed, very slow
A: distributed training, fangs 1, strong nose
a: no special abilities


You were on level 3 of the Dungeon.
You were not hungry.

You visited 1 branch of the dungeon, and saw 3 of its levels.

You collected 91 gold pieces.

Inventory:

Hand Weapons
 n - a +0 quarterstaff (weapon)
Missiles
 k - 24 arrows
 l - 17 stones (quivered)
 p - 18 sling bullets
 q - 28 bolts
Armour
 c - a +0 robe (worn)
 e - a +0 pair of gloves (worn)
 j - a scarf of resistance (worn)
Wands
 m - a wand of digging (5)
Scrolls
 a - a scroll of enchant armour {unknown}
 d - 2 scrolls of teleportation {unknown}
 h - a scroll of amnesia {unknown}
 i - 3 scrolls of remove curse {unknown}
Potions
 b - 2 potions of curing
 g - 2 potions of heal wounds {unknown}
 o - a potion of agility {unknown}
Comestibles
 f - 4 rations


   Skills:
 + Level 1.0 Fighting
 + Level 1.0 Short Blades
 + Level 1.0 Long Blades
 + Level 1.0 Axes
 + Level 1.0 Maces & Flails
 + Level 1.0 Polearms
 + Level 1.0 Staves
 + Level 1.0 Slings
 + Level 1.0 Bows
 + Level 1.0 Crossbows
 + Level 1.0 Throwing
 + Level 1.0 Armour
 + Level 1.0 Dodging
 + Level 4.2 Stealth
 + Level 1.0 Shields
 + Level 1.0 Unarmed Combat
 + Level 2.9 Spellcasting
 + Level 0.7 Conjurations
 + Level 0.7 Hexes
 + Level 3.8 Charms
 + Level 0.7 Summonings
 + Level 2.1 Necromancy
 + Level 0.7 Translocations
 + Level 3.8 Transmutations
 + Level 0.7 Fire Magic
 + Level 0.7 Ice Magic
 + Level 0.7 Air Magic
 + Level 3.8 Earth Magic
 + Level 0.7 Poison Magic
 + Level 1.0 Invocations
 + Level 1.0 Evocations


You had 4 spell levels left.
You knew the following spells:

 Your Spells              Type           Power        Failure   Level  Hunger
a - Magic Dart            Conj           #...         14%         1    #......
d - Blink                 Tloc           N/A          22%         2    ##.....

Your spell library contained the following spells:

 Spells                   Type           Power        Failure   Level  Hunger
 Call Imp                 Summ           #.......     22%         2    ##.....
 Slow                     Hex            #.......     22%         2    ##.....
 Conjure Flame            Conj/Fire      #.......     38%         3    ###....
 Mephitic Cloud           Conj/Pois/Air  #.......     38%         3    ###....


Dungeon Overview and Level Annotations

Branches:
Dungeon (3/15)

Altars:
Okawaru
Uskayaw

Annotations:
D:3 Natasha


Innate Abilities, Weirdness & Mutations

Your experience applies equally to all skills.
You have very sharp teeth.
Your uncanny sense of smell can sniff out nearby items.


Message History

Natasha stares at you and mumbles some strange words.
The magic dart hits you.
You barely miss Natasha. Your bite misses Natasha.
Natasha is severely wounded.
Natasha completely misses you.
You closely miss Natasha. Your bite misses Natasha.
Natasha is severely wounded.
Natasha casts a spell at you. The magic dart hits you!
* * * LOW HITPOINT WARNING * * *
Natasha claws you but does no damage.
Casting: Magic Dart (safe; 14% risk of failure)
Confirm with . or Enter, or press ? or * to list all spells.
Aiming: Magic Dart (safe; 14% risk of failure)
Press: ? - help, Shift-Dir - straight line, f/p - Natasha
Aim: Natasha (severely wounded)
The magic dart hits Natasha but does no damage.
Natasha is severely wounded.
Natasha claws you!
You die...

#. ∆ . .## ..#
#.## #..####
#h....# #. #@#
##.####.#
......#.####..#
#. #.......#
#.####.###.##.
#..###........
##......##.###
#......## #
#.....###...##
.##


You could see Natasha.

Vanquished Creatures
  2 adders (D:2)
  A worm (D:2)
  2 leopard geckos
  3 giant cockroaches
  2 goblins
  5 hobgoblins
  5 kobolds
  A quokka (D:2)
  A ball python (D:1)
  4 bats
  2 frilled lizards
  5 rats
33 creatures vanquished.

Notes
Turn   | Place    | Note
-------+----------+-------------------------------------------
     0 | D:1      | Kagalorn the Gnoll Wanderer began the quest for the Orb.
     0 | D:1      | Kagalorn set off with the following items: a +0 club, a
                  | potion of curing, a +0 robe, a +0 dagger, a ration; and the
                  | following spell memorised: Magic Dart; and the following
                  | spells available to memorise: Blink, Call Imp, Slow,
                  | Conjure Flame, Mephitic Cloud
     0 | D:1      | Reached XP level 1. HP: 13/13 MP: 4/4
   466 | D:1      | Reached XP level 2. HP: 14/19 MP: 0/5
  1364 | D:2      | Found an iron altar of Okawaru.
  1373 | D:2      | Reached XP level 3. HP: 14/25 MP: 0/7
  1377 | D:2      | Learned a level 2 spell: Blink
  1602 | D:2      | Found a hide-covered altar of Uskayaw.
  1936 | D:2      | Reached skill level 1 in Invocations
  2213 | D:3      | Reached skill level 1 in Fighting
  2213 | D:3      | Reached skill level 1 in Short Blades
  2213 | D:3      | Reached skill level 1 in Long Blades
  2213 | D:3      | Reached skill level 1 in Axes
  2213 | D:3      | Reached skill level 1 in Maces & Flails
  2213 | D:3      | Reached skill level 1 in Polearms
  2213 | D:3      | Reached skill level 1 in Staves
  2213 | D:3      | Reached skill level 1 in Slings
  2213 | D:3      | Reached skill level 1 in Bows
  2213 | D:3      | Reached skill level 1 in Crossbows
  2213 | D:3      | Reached skill level 1 in Throwing
  2213 | D:3      | Reached skill level 1 in Armour
  2213 | D:3      | Reached skill level 1 in Dodging
  2213 | D:3      | Reached skill level 1 in Shields
  2213 | D:3      | Reached skill level 1 in Unarmed Combat
  2213 | D:3      | Reached skill level 1 in Evocations
  2245 | D:3      | Noticed Natasha
  2254 | D:3      | Slain by Natasha

Levels and vault maps discovered:
D:1:      dpeg_arrival_court, layout_basic, serial_rivers,
          chequers_serial_rivers_small_b, chequers_serial_rivers_room_a,
          chequers_serial_rivers_micro_a, chequers_serial_rivers_micro_e,
          chequers_serial_rivers_micro_a, chequers_serial_rivers_small_3
D:2:      layout_rooms, old_standard_altar, lemuel_round_altar, serial_curves,
          eino_curves_01, eino_curves_03
D:3:      layout_rooms, uniq_natasha, uniq_jessica

Skill      XL: |  1  2  3 |
---------------+----------+-----
Necromancy     | 2 |  2.1
Invocations    | 1 |  1.0
Fighting       | 1 |  1.0
Short Blades   | 1 |  1.0
Long Blades    | 1 |  1.0
Axes           | 1 |  1.0
Maces & Flails | 1 |  1.0
Polearms       | 1 |  1.0
Staves         | 1 |  1.0
Slings         | 1 |  1.0
Bows           | 1 |  1.0
Crossbows      | 1 |  1.0
Throwing       | 1 |  1.0
Armour         | 1 |  1.0
Dodging        | 1 |  1.0
Shields        | 1 |  1.0
Unarmed Combat | 1 |  1.0
Evocations     | 1 |  1.0
Stealth        | |  4.2
Spellcasting   | |  2.9
Conjurations   | |  0.7
Hexes          | |  0.7
Charms         | |  3.8
Summonings     | |  0.7
Translocations | |  0.7
Transmutations | |  3.8
Fire Magic     | |  0.7
Ice Magic      | |  0.7
Air Magic      | |  0.7
Earth Magic    | |  3.8
Poison Magic   | |  0.7

Action                   || total
-------------------------++-------
Melee: Dagger            ||    15
       Short sword       ||    47
       Bite              ||    13
       Quarterstaff      ||    23
 Cast: Magic Dart        ||    75
  Eat: Chunk             ||     5
Armor: Robe              ||    23
Dodge: Dodged            ||    78
